[Event "fics rated crazyhouse match"]
[Site "fics, Oklahoma City, OK USA"]
[Date "2000.03.05"]
[White "CDay"]
[WhiteElo "2114"]
[Black "Flesh"]
[BlackElo "2324"]
[TimeControl "60+0"]
[Result "0-1"]

1. d4 Nf6 2. Nc3 d5 3. e4 dxe4 4. d5 Bg4 5. Be2 Bxe2 6. Ngxe2 
P@d3 7. cxd3 exd3 8. Qxd3 P@e4 9. Nxe4 Nxe4 10. Qd4 e5 11. Qxe5+ Qe7 
12. B@a4+ Nd7 13. Bxd7+ Kxd7 14. P@e6+ fxe6 15. dxe6+ Kd8 16. Qxe4 N@c5 17. Qd4+ 
P@d6 18. N@f7+ Qxf7 19. exf7 N@c2+ 20. Kf1 Be7 21. Qd2 B@d3 22. P@d4 Bxe2+ 
23. Qxe2 Nxd4 24. Qxe7+ Kxe7 25. N@d5+ Ke6 26. Q@e7+ Kxd5 27. B@f3+ Nxf3 28. B@b3+ 
Nxb3 29. P@e4+ Kc6 30. P@d5+ Kb6 31. Be3+ P@d4 32. Bxd4+ Nfxd4 
{CDay forfeits on time} 0-1

[Event "fics rated crazyhouse match"]
[Site "fics, Oklahoma City, OK USA"]
[Date "2000.03.05"]
[White "Oxymaroon"]
[WhiteElo "2265"]
[Black "Flesh"]
[BlackElo "2318"]
[TimeControl "60+0"]
[Result "1-0"]

1. e4 d5 2. exd5 e6 3. Bb5+ Bd7 4. dxe6 Bxb5 5. exf7+ Kxf7 6. Qh5+ 
g6 7. Qxb5 B@c6 8. Qb3+ Kg7 9. P@f3 Nf6 10. P@e5 Nd5 11. P@e4 P@a4 
12. Qd3 Nf4 13. Qxd8 Nxg2+ 14. Kf1 Bc5 15. Qf6+ Kh6 16. Q@g5# 
{Flesh checkmated} 1-0

[Event "fics rated crazyhouse match"]
[Site "fics, Oklahoma City, OK USA"]
[Date "2000.03.06"]
[White "LordPixel"]
[WhiteElo "2296"]
[Black "Eyefor"]
[BlackElo "2213"]
[TimeControl "0+1"]
[Result "1-0"]

1. e4 Nf6 2. Nc3 d5 3. exd5 Nxd5 4. Nf3 e6 5. d4 Nxc3 6. bxc3 
N@e4 7. P@b2 Nxf2 8. Kxf2 P@e4 9. Bb5+ P@c6 10. Bg5 f6 11. Ne5 fxg5 
12. Bxc6+ Nxc6 13. Qh5+ B@g6 14. P@f7+ Ke7 15. Qxg5+ B@f6 16. Qxf6+ gxf6 17. B@c5+ 
Q@d6 18. Bxd6+ cxd6 19. N@g8+ Rxg8 20. Nxc6+ bxc6 21. fxg8=Q e3+ 22. Ke1 B@d2+ 
23. Kf1 Bxc3 24. bxc3 N@d2+ 25. Ke1 P@f2+ 26. Kd1 N@e4 27. Q@d3 Bh6 28. Qxd8+ 
Kxd8 29. R@g8+ Be8 30. N@f7+ Kc7 31. B@d8+ Kb8 32. Q@c7# 
{Eyefor checkmated} 1-0

[Event "fics rated crazyhouse match"]
[Site "fics, Oklahoma City, OK USA"]
[Date "2000.03.06"]
[White "Begemot"]
[WhiteElo "2194"]
[Black "Eyefor"]
[BlackElo "2228"]
[TimeControl "180+0"]
[Result "1-0"]

1. e4 e6 2. d4 d6 3. Nf3 Nf6 4. Nc3 Nc6 5. Bg5 Be7 6. e5 
dxe5 7. dxe5 Ng4 8. Qxd8+ Bxd8 9. Bxd8 Nxf2 10. Bb5 Q@e3+ 11. P@e2 P@d2+ 
12. Nxd2 Kxd8 13. B@h4+ B@g5 14. Bxg5+ Qxg5 15. Bxc6 Nxh1 16. O-O-O R@a1+ 17. N@b1 
bxc6 18. P@f6 gxf6 19. exf6 Rxb1+ 20. Kxb1 B@d6 21. Nde4 N@a3+ 22. bxa3 Rb8+ 
23. P@b3 P@d3 24. Rxd3 Qd5 25. Nxd5 exd5 26. Nxd6 Rxb3+ 27. axb3 P@a2+ 28. Kxa2 
N@c1+ 29. Ka1 B@e5+ 30. P@d4 P@b2+ 31. Kxb2 Nxd3+ 32. exd3 Bxd4+ 33. P@c3 Bxc3+ 
34. Kxc3 d4+ 35. Kxd4 R@d5+ 36. Kc3 Rc5+ 37. P@c4 P@d4+ 38. Kxd4 Rxc4+ 39. bxc4 
P@e5+ 40. Kc3 P@b4+ 41. axb4 Re8 42. Nxf7+ Kd7 43. N@c5# 
{Eyefor checkmated} 1-0

[Event "fics rated crazyhouse match"]
[Site "fics, Oklahoma City, OK USA"]
[Date "2000.03.06"]
[White "Begemot"]
[WhiteElo "2195"]
[Black "Eyefor"]
[BlackElo "2224"]
[TimeControl "180+0"]
[Result "0-1"]

1. e4 e6 2. d4 Nf6 3. Nc3 d5 4. e5 Ne4 5. Nf3 Bb4 6. Bd2 
Nxf2 7. Kxf2 Bxc3 8. bxc3 N@e4+ 9. Ke2 P@g4 10. B@h5 gxf3+ 11. gxf3 N@f2 
12. fxe4 Nxd1 13. Kxd1 Q@b2 14. N@b3 dxe4 15. P@f6 gxf6 16. N@g7+ Kf8 17. Bh6 
Kg8 18. N@g4 Qxc3 19. exf6 Qxa1+ 20. Nxa1 Qxd4+ 21. P@d3 Qxa1+ 22. Bc1 N@c3+ 
23. Kd2 R@d1+ 24. Ke3 Qxc1+ 25. Kd4 Nc6+ 26. Kc4 B@d5+ 27. Kc5 P@b6# 
{Begemot checkmated} 0-1

[Event "fics rated crazyhouse match"]
[Site "fics, Oklahoma City, OK USA"]
[Date "2000.03.06"]
[White "Eyefor"]
[WhiteElo "2251"]
[Black "LordPixel"]
[BlackElo "2424"]
[TimeControl "0+1"]
[Result "0-1"]

1. e4 e6 2. d4 d5 3. exd5 exd5 4. Bb5+ c6 5. Qe2+ Be6 6. Bf4 
cxb5 7. Bxb8 Rxb8 8. Qxb5+ B@d7 9. Qe2 B@a5+ 10. N@c3 Qb6 11. Qe5 P@d6 
12. P@c7 Qxc7 13. Qe3 P@b4 14. P@d2 bxc3 15. Nxc3 Bxc3 16. dxc3 N@c4 17. Qc1 
N@a4 18. P@b3 Ncxb2 19. B@b4 P@a5 20. bxa4 Nxa4 21. Bxa5 Qxa5 22. P@b2 Nxc3 
23. N@b3 Qc7 24. bxc3 Qxc3+ 25. Qd2 Qxd2+ 26. Nxd2 Q@c3 27. Rc1 P@b2 28. Rd1 
Qxc2 29. N@e3 Qc7 30. Q@e2 P@c3 31. Ndf3 Qa5 32. Qc2 B@e4 33. Nc4 dxc4 
34. Qxe4 c2+ 35. B@c3 Qxc3+ 36. Nd2 cxd1=Q+ 37. Kxd1 Qc1+ 38. Ke2 R@e1+ 39. Kf3 
N@g5+ 40. Kf4 Rxe4+ 41. Kxg5 Q@g4# 
{Eyefor checkmated} 0-1

[Event "fics rated crazyhouse match"]
[Site "fics, Oklahoma City, OK USA"]
[Date "2000.03.06"]
[White "LordPixel"]
[WhiteElo "2493"]
[Black "Eyefor"]
[BlackElo "2237"]
[TimeControl "0+1"]
[Result "1-0"]

1. e4 Nf6 2. Nc3 d5 3. exd5 Nxd5 4. d4 e6 5. Nxd5 exd5 6. Nf3 
Nc6 7. Be2 P@h3 8. N@f4 hxg2 9. Nxg2 P@h3 10. Nf4 N@g2+ 11. Nxg2 hxg2 
12. Rg1 N@h4 13. N@c3 Nxf3+ 14. Bxf3 N@b4 15. N@e3 Nxc2+ 16. Nxc2 P@e4 17. Bxg2 
Bf5 18. Ne3 Be6 19. P@f5 Bc8 20. N@h5 g6 21. P@g7 gxh5 22. gxh8=Q N@d3+ 
23. Qxd3 exd3 24. N@f6+ Qxf6 25. Qxf6 N@d7 26. Qxf7+ Kxf7 27. Q@e6+ Kg7 28. R@g8# 
{Eyefor checkmated} 1-0

[Event "fics rated crazyhouse match"]
[Site "fics, Oklahoma City, OK USA"]
[Date "2000.03.06"]
[White "Eyefor"]
[WhiteElo "2281"]
[Black "Lomboc"]
[BlackElo "2142"]
[TimeControl "0+1"]
[Result "1-0"]

1. e4 d6 2. d4 Nf6 3. Nc3 Bg4 4. Bb5+ c6 5. Be2 Bxe2 6. Ngxe2 
e6 7. Bg5 Be7 8. Bxf6 Bxf6 9. N@c4 O-O 10. e5 dxe5 11. dxe5 Be7 
12. P@d6 Bg5 13. B@c7 Qd7 14. Bxb8 Rfxb8 15. N@c5 Qd8 16. Nd4 B@b4 17. Ndxe6 
fxe6 18. Nxe6 Bxc3+ 19. bxc3 P@e3 20. P@f7+ Kxf7 21. Nxd8+ Rxd8 22. Q@f5+ P@f6 
23. B@e6+ Kf8 24. P@e7# 
{Lomboc forfeits on time} 1-0

[Event "fics rated crazyhouse match"]
[Site "fics, Oklahoma City, OK USA"]
[Date "2000.03.06"]
[White "Lomboc"]
[WhiteElo "2137"]
[Black "Eyefor"]
[BlackElo "2294"]
[TimeControl "0+1"]
[Result "0-1"]

1. d4 e6 2. Nc3 d6 3. e4 Nf6 4. Nf3 d5 5. Bg5 Bb4 6. e5 
Bxc3+ 7. bxc3 N@g4 8. exf6 gxf6 9. N@g7+ Kf8 10. h3 Nxf2 11. Kxf2 fxg5 
12. Nh5 P@e3+ 13. Kxe3 B@f4+ 14. Ke2 P@g7 15. B@f6 gxf6 16. P@g7+ Ke7 17. gxh8=Q 
Qxh8 18. Nxf4 gxf4 19. N@g4 N@g3+ 20. Kd2 B@e3+ 21. Nxe3 fxe3+ 22. Kxe3 P@e4 
23. B@h4 Nxh1 24. Ne5 N@f5# 
{Lomboc forfeits on time} 0-1

[Event "fics rated crazyhouse match"]
[Site "fics, Oklahoma City, OK USA"]
[Date "2000.03.06"]
[White "Eyefor"]
[WhiteElo "2306"]
[Black "Lomboc"]
[BlackElo "2132"]
[TimeControl "0+1"]
[Result "1-0"]

1. e4 d6 2. d4 Nf6 3. Nc3 Nbd7 4. Nf3 e5 5. Bg5 Be7 6. Bc4 
O-O 7. Bxf6 Nxf6 8. dxe5 dxe5 9. Qxd8 Rxd8 10. Bxf7+ Kh8 11. P@g5 Ng4 
12. P@h6 gxh6 13. gxh6 Nxh6 14. Q@h5 P@g7 15. Qxe5 
{Lomboc forfeits on time} 1-0

[Event "fics rated crazyhouse match"]
[Site "fics, Oklahoma City, OK USA"]
[Date "2000.03.06"]
[White "Lomboc"]
[WhiteElo "2128"]
[Black "Eyefor"]
[BlackElo "2316"]
[TimeControl "0+1"]
[Result "0-1"]

1. e4 Nf6 2. Nc3 d5 3. exd5 Nxd5 4. Nxd5 Qxd5 5. d4 Qe4+ 6. P@e3 
N@b4 7. N@d3 Nxd3+ 8. cxd3 Qg4 9. Nf3 N@h4 10. Nxh4 Qxh4 11. Be2 N@g4 
12. Bxg4 Qxg4 
{Lomboc forfeits on time} 0-1

[Event "fics rated crazyhouse match"]
[Site "fics, Oklahoma City, OK USA"]
[Date "2000.03.06"]
[White "Lomboc"]
[WhiteElo "2120"]
[Black "Eyefor"]
[BlackElo "2334"]
[TimeControl "0+1"]
[Result "0-1"]

1. e4 e6 2. Nc3 d6 3. d4 Nf6 4. Nf3 Nc6 5. Bg5 Be7 6. Bd3 
Ng4 7. Bxe7 Qxe7 8. O-O Nxh2 9. Kxh2 P@g4 10. Ng1 Qh4+ 11. B@h3 gxh3 
12. gxh3 Nxd4 13. P@g3 B@e5 14. N@f3 Nxf3+ 15. Nxf3 Qf6 16. Nxe5 dxe5 17. B@g2 
P@b4 
{Lomboc forfeits on time} 0-1

[Event "fics rated crazyhouse match"]
[Site "fics, Oklahoma City, OK USA"]
[Date "2000.03.06"]
[White "Eyefor"]
[WhiteElo "2342"]
[Black "Lomboc"]
[BlackElo "2116"]
[TimeControl "0+1"]
[Result "1-0"]

1. e4 c6 2. d4 d5 3. e5 e6 4. a3 Ne7 5. Nf3 Ng6 6. Nc3 
Be7 7. Be3 O-O 8. Bd3 f6 9. Bxg6 hxg6 10. exf6 Bxf6 11. P@h7+ Kxh7 
12. N@e5 P@f7 13. Nxg6 fxg6 14. P@e5 Be7 15. Qd3 B@f5 16. Qd1 P@h6 17. Bxh6 
gxh6 18. P@f6 Bxf6 19. exf6 Qxf6 20. B@e5 Qe7 21. Bxb8 Rxb8 22. Ne5 P@f6 
23. Ng4 Bxg4 24. Qxg4 B@h5 25. Qg3 N@e4 26. Nxe4 dxe4 27. Qxb8 e3 28. fxe3 
P@f2+ 29. Kd2 N@e4+ 30. Kc1 B@g5 31. N@c4 Bxe3+ 32. Nxe3 P@d2+ 33. Kb1 N@f4 
34. Qxf4 g5 35. Qxe4+ Bg6 36. P@f5 Bxf5 37. Nxf5 P@f7 38. Nxe7# 
{Lomboc resigns} 1-0

[Event "fics rated crazyhouse match"]
[Site "fics, Oklahoma City, OK USA"]
[Date "2000.03.06"]
[White "Lomboc"]
[WhiteElo "2112"]
[Black "Eyefor"]
[BlackElo "2349"]
[TimeControl "0+1"]
[Result "0-1"]

1. e4 e6 2. Nc3 d6 3. d4 Nf6 4. Nf3 Nc6 5. Bd3 Ng4 6. O-O 
Nxh2 7. Kxh2 P@g4 8. Ne1 Nxd4 9. g3 Nxc2 10. Qxc2 P@d4 11. Nd1 Bd7 
{Lomboc forfeits on time} 0-1

[Event "fics rated crazyhouse match"]
[Site "fics, Oklahoma City, OK USA"]
[Date "2000.03.06"]
[White "Eyefor"]
[WhiteElo "2356"]
[Black "Lomboc"]
[BlackElo "2109"]
[TimeControl "0+1"]
[Result "1-0"]

1. e4 e6 2. d4 d5 3. exd5 exd5 4. Bb5+ Nc6 5. Qe2+ Be7 6. Bxc6+ 
bxc6 7. N@e5 Bd7 8. P@b7 Rb8 9. Nxd7 Qxd7 10. B@e5 P@f6 11. Bxc7 Qxc7 
12. Qg4 B@g6 13. P@f5 
{Lomboc forfeits on time} 1-0

[Event "fics rated crazyhouse match"]
[Site "fics, Oklahoma City, OK USA"]
[Date "2000.03.06"]
[White "Lomboc"]
[WhiteElo "2106"]
[Black "Eyefor"]
[BlackElo "2362"]
[TimeControl "0+1"]
[Result "0-1"]

1. e4 e6 2. Nc3 d6 3. d4 Nf6 4. Nf3 Nc6 5. Bg5 Be7 6. Bd3 
Ng4 7. Bxe7 Qxe7 8. O-O Nxh2 9. Nxh2 Nxd4 10. B@e3 B@c5 11. Bxd4 Bxd4 
12. Nf3 Bxc3 13. bxc3 P@b2 14. Rb1 B@f6 15. B@d2 P@g4 16. Nd4 Bxd4 17. cxd4 
e5 18. dxe5 Qxe5 19. B@f4 Qd4 20. P@h2 N@c3 21. Bxc3 Qxc3 22. N@d5 Qa5 
23. Rxb2 N@c3 24. Qd2 P@b4 25. Rxb4 Nxd5 26. exd5 Qxa2 27. Re4+ P@e5 28. Bg5 
Qxd5 29. N@h5 Rg8 30. Nxg7+ Kf8 31. N@f6 Qa2 32. Nxh7+ Kxg7 33. Bf6+ Kxh7 
34. Qg5 N@f3+ 35. gxf3 N@h3+ 36. Kh1 P@g2+ 37. Kxg2 gxf3+ 38. Kxf3 Nxg5+ 39. Bxg5 
B@h5+ 40. P@g4 Bcxg4+ 41. Rxg4+ Kh8 42. N@g7 Bxg4+ 43. Kxg4 Q@g2+ 44. B@g3 Rxg7 
45. B@f6 R@f4# 
{Lomboc forfeits on time} 0-1

[Event "fics rated crazyhouse match"]
[Site "fics, Oklahoma City, OK USA"]
[Date "2000.03.06"]
[White "Eyefor"]
[WhiteElo "2368"]
[Black "Lomboc"]
[BlackElo "2103"]
[TimeControl "0+1"]
[Result "0-1"]

1. e4 d6 2. d4 Nf6 3. Nc3 Nbd7 4. Nf3 e5 5. Bg5 Be7 6. Bc4 
O-O 7. Bxf6 Bxf6 8. N@d5 B@e7 9. Nb5 c6 10. Nxe7+ Qxe7 11. dxe5 Nxe5 
12. Nxd6 Nxf3+ 13. gxf3 N@g2+ 14. Ke2 Nf4+ 15. Ke1 Bxb2 16. Bxf7+ Rxf7 17. N@e8 
Rf8 18. B@b3+ P@e6 19. P@f7+ Kh8 20. P@e3 B@a5+ 21. P@b4 Bxb4+ 22. c3 B4xc3+ 
23. Qd2 Bxd2+ 24. Kd1 Q@d3 25. exf4 P@e2# 
{Eyefor checkmated} 0-1

[Event "fics rated crazyhouse match"]
[Site "fics, Oklahoma City, OK USA"]
[Date "2000.03.06"]
[White "Lomboc"]
[WhiteElo "2116"]
[Black "Eyefor"]
[BlackElo "2343"]
[TimeControl "0+1"]
[Result "0-1"]

1. e4 Nf6 2. Nc3 d5 3. exd5 Nxd5 4. Nxd5 Qxd5 5. d4 Qe4+ 6. N@e3 
N@f4 7. P@f3 Qc6 8. Be2 Qg6 9. g3 P@g2 10. Nxg2 Nxg2+ 11. Kf1 N@e1 
12. Bd2 Nxc2 13. Kxg2 P@d3 14. Bf1 Nxd4 15. N@e4 Nf5 16. Bxd3 Nh4+ 17. Kf1 
P@g2+ 18. Ke1 gxh1=Q 19. Qe2 Qxg1+ 20. Qf1 Qxf1# 
{Lomboc resigns} 0-1

[Event "fics rated crazyhouse match"]
[Site "fics, Oklahoma City, OK USA"]
[Date "2000.03.06"]
[White "Eyefor"]
[WhiteElo "2349"]
[Black "Lomboc"]
[BlackElo "2113"]
[TimeControl "0+1"]
[Result "1-0"]

1. e4 d6 2. d4 e6 3. Bb5+ c6 4. Be2 Nd7 5. Nf3 Nb6 6. Ng5 
Nf6 7. Nc3 Be7 8. Nxf7 Kxf7 9. P@h6 gxh6 10. Bxh6 P@g7 11. Bxg7 Kxg7 
12. P@g5 Ne8 13. P@f6+ Bxf6 14. gxf6+ Nxf6 15. e5 Nfd5 16. Nxd5 Nxd5 17. N@e4 
B@e7 18. exd6 Bxd6 19. Nxd6 P@f6 20. B@h6+ Kxh6 21. Nf7+ Kg7 22. Nxd8 Rxd8 
23. P@e4 Nf4 24. Q@c7+ N@f7 25. Qxf4 B@g5 26. N@h5+ Kf8 27. B@b4+ P@d6 28. Qf3 
{Lomboc forfeits on time} 1-0

[Event "fics rated crazyhouse match"]
[Site "fics, Oklahoma City, OK USA"]
[Date "2000.03.06"]
[White "Lomboc"]
[WhiteElo "2110"]
[Black "Eyefor"]
[BlackElo "2355"]
[TimeControl "0+1"]
[Result "0-1"]

1. e4 Nf6 2. Nc3 d5 3. exd5 Nxd5 4. Nxd5 Qxd5 5. N@e3 Qd7 6. d4 
P@e4 7. Ne2 h5 8. Ng3 N@f6 9. P@e5 h4 10. exf6 hxg3 11. fxg3 exf6 
12. P@f2 N@g4 13. Qxg4 Qxg4 14. Nxg4 Bxg4 15. N@e3 Q@b4+ 16. Q@c3 Qxc3+ 17. bxc3 
P@h5 18. Nxg4 hxg4 19. N@d5 Q@d7 20. B@b3 N@e7 21. Ne3 N@d5 22. Bxd5 Nxd5 
23. Nxd5 Qxd5 24. N@e3 Qd7 
{Lomboc forfeits on time} 0-1

[Event "fics rated crazyhouse match"]
[Site "fics, Oklahoma City, OK USA"]
[Date "2000.03.06"]
[White "Eyefor"]
[WhiteElo "2360"]
[Black "Lomboc"]
[BlackElo "2107"]
[TimeControl "0+1"]
[Result "1-0"]

1. e4 d6 2. d4 e6 3. Bb5+ Bd7 4. Nc3 Bxb5 5. Nxb5 Nf6 6. Bg5 
Be7 7. Bxf6 Bxf6 8. Nf3 O-O 9. B@a5 B@b6 10. Bxb6 axb6 11. N@h5 B@g6 
12. Nxf6+ gxf6 13. B@d3 B@g7 14. Nc3 Nc6 15. d5 Ne5 16. dxe6 fxe6 17. Nxe5 
dxe5 18. P@h5 Bf7 19. B@e3 N@f4 20. Bxf4 exf4 21. N@c4 B@c5 22. Rf1 P@e3 
23. fxe3 fxe3 24. N@h1 P@f2+ 25. Nxf2 exf2+ 26. Rxf2 Bxf2+ 27. Kxf2 N@e5 28. Nxe5 
fxe5 29. Kg1 Qh4 30. B@e2 N@f2 31. P@g3 N@h3+ 32. gxh3 Nxh3+ 33. Kh1 Nf2+ 
34. Kg1 Nxd1 35. Rxd1 Qg5 36. N@h3 Qe3+ 37. P@f2 Qc5 38. N@d7 Qe7 39. P@h6 
Bf6 40. Nxf6+ Qxf6 41. N@g4 Qe7 42. Nxe5 Qd6 43. Nxf7 Rxf7 44. P@g7 
{Lomboc forfeits on time} 1-0

[Event "fics rated crazyhouse match"]
[Site "fics, Oklahoma City, OK USA"]
[Date "2000.03.06"]
[White "Lomboc"]
[WhiteElo "2104"]
[Black "Eyefor"]
[BlackElo "2365"]
[TimeControl "0+1"]
[Result "0-1"]

1. e4 Nf6 2. Nc3 e6 3. d4 Nc6 4. e5 Ng8 5. Nf3 Bb4 6. Bb5 
Bxc3+ 7. bxc3 N@e4 8. B@d2 Nxf2 9. Ke2 Nxd1 10. Rxd1 P@e4 11. Ng5 Q@g4+ 
12. Kf2 Qxd1 
{Lomboc resigns} 0-1

[Event "fics rated crazyhouse match"]
[Site "fics, Oklahoma City, OK USA"]
[Date "2000.03.06"]
[White "Eyefor"]
[WhiteElo "2370"]
[Black "Lomboc"]
[BlackElo "2101"]
[TimeControl "0+1"]
[Result "1-0"]

1. e4 e6 2. d4 d5 3. exd5 exd5 4. Bb5+ c6 5. Qe2+ P@e6 6. Bd3 
Bd6 7. P@e5 Be7 8. Nf3 Na6 9. Bxa6 bxa6 10. N@h5 B@f8 11. Nc3 Qc7 
12. Bf4 Rb8 13. Nxg7+ Bxg7 14. P@d6 Qd7 15. dxe7 Nxe7 16. B@b3 P@b4 17. Nxd5 
exd5 18. P@f6 Bf8 19. fxe7 Bxe7 20. N@f6+ Bxf6 21. exf6+ P@e6 22. Bxb8 N@f4 
23. Bxf4 N@g6 24. N@g7+ Kd8 25. R@d6 Nxf4 26. Rxd7+ Kxd7 27. Q@e7# 
{Lomboc checkmated} 1-0

[Event "fics rated crazyhouse match"]
[Site "fics, Oklahoma City, OK USA"]
[Date "2000.03.06"]
[White "Lomboc"]
[WhiteElo "2098"]
[Black "Eyefor"]
[BlackElo "2375"]
[TimeControl "0+1"]
[Result "0-1"]

1. e4 e6 2. Nc3 Nc6 3. d4 Bb4 4. Nf3 Nf6 5. Bd3 d5 6. e5 
Bxc3+ 7. bxc3 Ng4 8. O-O N@e4 9. B@d2 Nxd2 10. Bxd2 B@e4 11. N@g5 Bxd3 
12. cxd3 B@f5 13. B@e2 h6 14. Nh3 Bd7 15. Nf4 g5 16. Nh5 Bg6 17. Ng7+ 
Kf8 18. Nxe6+ Bxe6 19. Nxg5 hxg5 20. Bxg4 N@b2 
{Lomboc forfeits on time} 0-1

[Event "fics rated crazyhouse match"]
[Site "fics, Oklahoma City, OK USA"]
[Date "2000.03.06"]
[White "Eyefor"]
[WhiteElo "2379"]
[Black "Lomboc"]
[BlackElo "2095"]
[TimeControl "0+1"]
[Result "1-0"]

1. e4 d6 2. d4 Nf6 3. Nc3 Nc6 4. d5 Ne5 5. Bf4 e6 6. Bb5+ 
Bd7 7. dxe6 fxe6 8. Bxe5 dxe5 9. P@f7+ Kxf7 10. N@g5+ Ke7 11. Bxd7 Qxd7 
12. Qxd7+ Kxd7 13. Q@b5+ B@c6 14. Qxe5 Re8 15. P@b5 B@d6 16. bxc6+ bxc6 17. Qd4 
P@e5 18. Qxa7 
{Lomboc forfeits on time} 1-0

[Event "fics rated crazyhouse match"]
[Site "fics, Oklahoma City, OK USA"]
[Date "2000.03.06"]
[White "Lomboc"]
[WhiteElo "2092"]
[Black "Eyefor"]
[BlackElo "2383"]
[TimeControl "0+1"]
[Result "0-1"]

1. e4 Nf6 2. Nc3 d5 3. exd5 Nxd5 4. Nxd5 Qxd5 5. d4 Qe4+ 6. P@e3 
N@b4 7. N@d3 Nxd3+ 8. cxd3 Qg4 9. Nf3 N@h4 10. Nxh4 Qxh4 11. N@f3 Qg4 
12. h3 Qh5 13. N@g3 Qa5+ 14. Bd2 Qb6 15. Rb1 N@b4 16. Bxb4 Qxb4+ 17. N@c3 
P@a3 18. Qc2 B@e6 19. b3 Nc6 20. Be2 Bcd7 21. O-O Bxh3 22. gxh3 Bxh3 
23. B@g2 Bxg2 24. Kxg2 P@g4 25. Nh2 P@f3+ 26. Bxf3 gxf3+ 27. Nxf3 B@g4 28. Nh2 
Nxd4 29. exd4 Qxd4 30. P@f3 P@h3+ 31. Kg1 Bd7 32. B@e3 Qd6 33. Nce4 Qc6 
34. N@f4 Qxc2 35. Rfe1 P@h4 36. Bd4 hxg3 37. P@d5 gxh2+ 38. Kxh2 Q@f5 39. P@e6 
Qxf4+ 40. Kxh3 Qxf3+ 41. P@g3 N@f4+ 42. Kh4 Qh5# 
{Lomboc checkmated} 0-1

[Event "fics rated crazyhouse match"]
[Site "fics, Oklahoma City, OK USA"]
[Date "2000.03.06"]
[White "Eyefor"]
[WhiteElo "2387"]
[Black "Lomboc"]
[BlackElo "2089"]
[TimeControl "0+1"]
[Result "1-0"]

1. e4 d6 2. d4 Nc6 3. Bb5 Bd7 4. Bxc6 Bxc6 5. d5 Bd7 6. Nc3 
Nf6 7. N@g5 e6 8. Nxf7 Kxf7 9. dxe6+ Bxe6 10. P@g5 Ng8 11. P@d5 Bd7 
12. Qh5+ B@g6 13. Qe2 Be7 14. h4 P@h5 15. Qd1 N@e5 16. f4 Ng4 17. Nf3 
Bxe4 18. Nxe4 Bf5 19. B@e6+ Bxe6 20. dxe6+ Kxe6 21. B@f5+ Kxf5 22. Qd5+ P@e5 
23. Nd4+ Kg6 24. f5# 
{Lomboc checkmated} 1-0

[Event "fics rated crazyhouse match"]
[Site "fics, Oklahoma City, OK USA"]
[Date "2000.03.06"]
[White "Lomboc"]
[WhiteElo "2086"]
[Black "Eyefor"]
[BlackElo "2391"]
[TimeControl "0+1"]
[Result "0-1"]

1. e4 Nf6 2. Nc3 d5 3. exd5 Nxd5 4. Nxd5 Qxd5 5. d4 Qe4+ 6. N@e3 
N@g4 7. P@f3 Nxe3 8. Bxe3 Qh4 9. Ne2 N@d5 10. Ng3 P@f4 11. Bxf4 Nxf4 
12. Bd3 Nxg2+ 13. Kd2 Qxd4 14. Kc1 Qxf2 15. Ne4 B@f4+ 16. P@d2 Qd4 17. Rg1 
P@a3 18. N@c3 axb2+ 19. Kxb2 Nh4 20. P@g3 Qb4+ 21. Kc1 P@b2# 
{Lomboc resigns} 0-1

[Event "fics rated crazyhouse match"]
[Site "fics, Oklahoma City, OK USA"]
[Date "2000.03.06"]
[White "Eyefor"]
[WhiteElo "2394"]
[Black "Lomboc"]
[BlackElo "2084"]
[TimeControl "0+1"]
[Result "1-0"]

1. e4 e5 2. Bc4 Nf6 3. Nf3 Nc6 4. Nc3 Bc5 5. Bxf7+ Kxf7 6. P@d5 
Nb8 7. Nxe5+ Kf8 8. d4 Be7 9. P@h6 Rg8 10. hxg7+ Rxg7 11. Bh6 B@h8 
12. Bxg7+ Bxg7 13. R@f7+ Kg8 14. Rxg7+ Kxg7 15. P@g5 Ne8 16. Qh5 B@g6 17. Nxg6 
hxg6 18. Qh6+ Kf7 19. B@f4 P@g7 20. Qh8 R@g8 21. Qh4 d6 22. B@h7 Rf8 
23. Bxg6+ Kxg6 24. P@f5+ Kf7 25. g6# 
{Lomboc resigns} 1-0

[Event "fics rated crazyhouse match"]
[Site "fics, Oklahoma City, OK USA"]
[Date "2000.03.06"]
[White "Lomboc"]
[WhiteElo "2082"]
[Black "Eyefor"]
[BlackElo "2397"]
[TimeControl "0+1"]
[Result "0-1"]

1. e3 e5 2. d4 exd4 3. exd4 d5 4. Nf3 P@e4 5. Ne5 Bb4+ 6. Nc3 
Bxc3+ 7. bxc3 Nc6 8. Bb5 Bd7 9. Bxc6 bxc6 10. Nxf7 Kxf7 11. N@e5+ Kf8 
12. B@b7 N@h4 13. Rg1 B@a5 14. Bxc6 Bxc3+ 15. Bd2 Bxc6 16. Bxc3 Be8 17. B@c6 
N@f4 18. Bxe8 Nhxg2# 
{Lomboc forfeits on time} 0-1

[Event "fics rated crazyhouse match"]
[Site "fics, Oklahoma City, OK USA"]
[Date "2000.03.06"]
[White "Eyefor"]
[WhiteElo "2400"]
[Black "Lomboc"]
[BlackElo "2080"]
[TimeControl "0+1"]
[Result "1-0"]

1. e4 e5 2. Bc4 Nc6 3. Bxf7+ Kxf7 4. Nc3 Nf6 5. P@d5 Nd4 6. Nf3 
Nxf3+ 7. Qxf3 Bd6 8. N@f5 Kf8 9. Nxd6 cxd6 10. B@g5 B@f7 11. Bxf6 gxf6 
12. N@h6 B@g7 13. Nxf7 Kxf7 14. Nb5 Qe7 15. B@e3 N@h4 16. Qg4 N@g6 17. Nc7 
Rb8 18. Bxa7 Qd8 19. Bxb8 N@c5 20. Nb5 Qa5 21. Nxd6+ Ke7 22. R@f7+ Kd8 
23. P@c7# 
{Lomboc forfeits on time} 1-0

[Event "fics rated crazyhouse match"]
[Site "fics, Oklahoma City, OK USA"]
[Date "2000.03.06"]
[White "Lomboc"]
[WhiteElo "2078"]
[Black "Eyefor"]
[BlackElo "2403"]
[TimeControl "60+0"]
[Result "1-0"]

1. d4 e6 2. Nc3 d6 3. Nf3 Nc6 4. e4 Nf6 5. Bb5 Bd7 6. O-O 
h6 7. d5 exd5 8. exd5 Ne7 9. P@e6 Bxb5 10. Nxb5 fxe6 11. dxe6 B@h5 
12. P@f7+ Bxf7 13. exf7+ Kxf7 14. Nbd4 Ke8 15. B@e6 Qb8 16. Re1 P@e4 17. Nd2 
P@d5 18. c4 dxc4 19. Nxe4 Nxe4 20. Rxe4 N@f6 21. Rf4 P@e5 22. Rxf6 P@d7 
23. Bxd7+ Kxd7 24. B@e6+ Kd8 25. N@f7+ Ke8 26. Nxh8 
{Eyefor forfeits on time} 1-0

[Event "fics rated crazyhouse match"]
[Site "fics, Oklahoma City, OK USA"]
[Date "2000.03.06"]
[White "Eyefor"]
[WhiteElo "2384"]
[Black "Lomboc"]
[BlackElo "2092"]
[TimeControl "60+0"]
[Result "1-0"]

1. e4 e6 2. d4 d5 3. exd5 exd5 4. Bb5+ Nc6 5. Qe2+ P@e6 6. Bxc6+ 
Bd7 7. Bxb7 Rb8 8. Bxd5 Nf6 9. N@c6 Bxc6 10. Bxc6+ Nd7 11. P@d5 Qe7 
12. B@c5 N@d6 13. Bxa7 Rb6 14. Bxb6 cxb6 15. P@a7 
{Lomboc resigns} 1-0

[Event "fics rated crazyhouse match"]
[Site "fics, Oklahoma City, OK USA"]
[Date "2000.03.06"]
[White "Lomboc"]
[WhiteElo "2089"]
[Black "Eyefor"]
[BlackElo "2387"]
[TimeControl "60+0"]
[Result "1-0"]

1. e4 e6 2. Nc3 Nc6 3. d4 Bb4 4. Nf3 Nf6 5. Bd3 Bxc3+ 6. bxc3 
N@g4 7. O-O d5 8. e5 Ne4 9. Bxe4 dxe4 10. Ng5 Nxh2 11. Kxh2 P@b2 
12. Nxf7 Qh4+ 13. P@h3 bxa1=Q 14. Nxh8 B@f4+ 15. Bxf4 Qxf4+ 16. B@g3 Qxd1 17. Bxf4 
Qxf1 18. B@f7+ Kd7 19. Q@e8# 
{Eyefor checkmated} 1-0

[Event "fics rated crazyhouse match"]
[Site "fics, Oklahoma City, OK USA"]
[Date "2000.03.06"]
[White "Eyefor"]
[WhiteElo "2369"]
[Black "Lomboc"]
[BlackElo "2102"]
[TimeControl "60+0"]
[Result "1-0"]

1. e4 e5 2. Bc4 Nc6 3. Bxf7+ Kxf7 4. Nf3 d6 5. P@d5 Nb8 6. d4 
Be7 7. dxe5 Kf8 8. e6 B@f6 9. P@f7 Nh6 10. Bxh6 gxh6 11. Qc1 B@g7 
12. c3 c6 13. N@h5 Qa5 14. b4 Qb5 15. Nxf6 Bexf6 16. B@e2 Qb6 17. Rf1 
Bxc3+ 18. Nxc3 P@d4 19. B@a5 Qa6 20. Bxa6 N@f6 21. Q@d8# 
{Lomboc resigns} 1-0

[Event "fics rated crazyhouse match"]
[Site "fics, Oklahoma City, OK USA"]
[Date "2000.03.06"]
[White "Lomboc"]
[WhiteElo "2099"]
[Black "Eyefor"]
[BlackElo "2373"]
[TimeControl "60+0"]
[Result "1-0"]

1. d4 e6 2. Nc3 d6 3. e4 Nf6 4. Nf3 d5 5. Bg5 dxe4 6. Nxe4 
P@f5 7. Bxf6 gxf6 8. Nxf6+ Qxf6 9. P@e5 Qg7 10. N@f6+ Kd8 11. d5 exd5 
12. Qxd5+ B@d7 13. Nxd7 Bxd7 14. B@f6+ Qxf6 15. exf6 N@b4 16. P@e7+ Bxe7 17. fxe7+ 
Kc8 18. Qxf7 Nxc2+ 19. Kd2 Nxa1 20. Q@d8+ Rxd8 21. exd8=Q+ Kxd8 22. P@e7+ Kc8 
23. R@d8# 
{Eyefor checkmated} 1-0